 Dungeon Crawl Stone Soup version 0.23-a0-619-g281719c6f9 (webtiles) character file.

154 HereIgoKillingAgain the Chiller (level 5, -6/28 HPs)
             Began as a Deep Elf Ice Elementalist on Dec 23, 2018.
             Mangled by a phantom (7 damage)
             ... on level 3 of the Dungeon.
             The game lasted 00:04:24 (2598 turns).

HereIgoKillingAgain the Chiller (DEIE)              Turns: 2598, Time: 00:04:25

Health: -6/28      AC:  2    Str:  5    XL:     5   Next: 13%
Magic:  2/13       EV: 14    Int: 26    God:
Gold:   121        SH:  0    Dex: 15    Spells: 2/12 levels left

rFire    . . .     SeeInvis .   d - +0 dagger (venom)
rCold    . . .     Gourm    .   (no shield)
rNeg     . . .     Faith    .   a - +0 robe
rPois    .         Spirit   .   (no helmet)
rElec    .         Reflect  .   (no cloak)
rCorr    .         Harm     .   (no gloves)
MR       .....                  (no boots)
Stlth    ++........             (no amulet)
HPRegen  0.09/turn              (no ring)
MPRegen  0.13/turn              (no ring)

@: brilliant, flying, very slightly contaminated, invisible (expiring)
A: no striking features
a: no special abilities


You were on level 3 of the Dungeon.
You were not hungry.

You visited 1 branch of the dungeon, and saw 3 of its levels.

You collected 121 gold pieces.

Inventory:

Hand Weapons
 d - a +0 dagger of venom (weapon)
Armour
 a - a +0 robe (worn)
Jewellery
 f - an uncursed ring of positive energy
Scrolls
 h - 2 scrolls of remove curse
 j - a scroll of amnesia {unknown}
 l - 2 scrolls of blinking
 m - a scroll of teleportation {unknown}
Potions
 b - a potion of curing {unknown}
Comestibles
 c - 3 rations


   Skills:
 + Level 3.8 Dodging
 - Level 2.4 Stealth
 + Level 4.4 Spellcasting
 - Level 1.1 Conjurations
 * Level 5.1 Ice Magic


You had 2 spell levels left.
You knew the following spells:

 Your Spells              Type           Power        Failure   Level  Hunger
a - Freeze                Ice            ####         1%          1    None
b - Throw Frost           Conj/Ice       #####.       1%          2    None
c - Ozocubu's Armour      Chrm/Ice       ####....     1%          3    ##.....
d - Throw Icicle          Conj/Ice       #####...     2%          4    ####...

Your spell library contained the following spells:

 Spells                   Type           Power        Failure   Level  Hunger
 Summon Ice Beast         Ice/Summ       ####....     3%          4    ####...


Dungeon Overview and Level Annotations

Branches:
Dungeon (3/15)

Altars:
Makhleb
Qazlal


Message History

The phantom is heavily damaged.
You flicker for a moment.
The phantom misses you.
Casting: Freeze (safe; 1% risk of failure)
Confirm with . or Enter, or press ? or * to list all spells.
Aiming: Throw Icicle (safe; 2% risk of failure)
Press: ? - help, Shift-Dir - straight line, f - phantom
Aim: a phantom (heavily damaged)
The shard of ice hits the phantom.
The phantom partially resists.
The phantom is severely damaged.
The phantom closely misses you.
Casting: Throw Icicle (safe; 2% risk of failure)
Confirm with . or Enter, or press ? or * to list all spells.
Aiming: Throw Icicle (safe; 2% risk of failure)
Press: ? - help, Shift-Dir - straight line, f/p - phantom
Aim: a phantom (severely damaged)
The shard of ice hits the phantom.
The phantom partially resists.
The phantom is almost destroyed.
The phantom hits you!
You die...

....###..###.##
........## #..#
######..#####.#
#............#
#.....#....####
......#..(.#
...####....#
### #....#
#######.@..#
#(....()W..#
#.#####)...#
#)(..# ..####
...# .....
...... .......


You could see a phantom.

Vanquished Creatures
  An orc wizard (D:3)
  4 adders
  3 worms (D:2)
  2 dart slugs
  2 leopard geckos (D:2)
  2 orcs (D:3)
  2 giant cockroaches
  15 goblins
  14 hobgoblins
  9 kobolds
  A quokka (D:2)
  A ball python (D:2)
  4 bats
  2 frilled lizards (D:2)
  6 rats
68 creatures vanquished.

Notes
Turn   | Place    | Note
-------+----------+-------------------------------------------
     0 | D:1      | HereIgoKillingAgain the Deep Elf Ice Elementalist began the
                  | quest for the Orb.
     0 | D:1      | Reached XP level 1. HP: 10/10 MP: 6/6
   134 | D:1      | Reached XP level 2. HP: 13/15 MP: 8/8
   301 | D:1      | Learned a level 2 spell: Throw Frost
   724 | D:1      | Reached skill level 4 in Ice Magic
   937 | D:2      | Reached XP level 3. HP: 19/19 MP: 7/10
  1358 | D:2      | Reached XP level 4. HP: 19/24 MP: 8/11
  1372 | D:2      | HP: 1/24 [poisoned by an adder]
  1763 | D:2      | Found a stormy altar of Qazlal.
  1811 | D:2      | Found a burning altar of Makhleb.
  2114 | D:3      | Learned a level 3 spell: Ozocubu's Armour
  2119 | D:3      | Learned a level 4 spell: Throw Icicle
  2123 | D:3      | Noticed a phantom
  2525 | D:3      | Reached skill level 5 in Ice Magic
  2525 | D:3      | Reached XP level 5. HP: 27/28 MP: 0/13
  2595 | D:3      | HP: 1/28 [phantom (6)]
  2598 | D:3      | Mangled by a phantom

Vault maps used:
D:1:      minmay_arrival_up_and_down, minmay_misc_feat_four_crosses,
          corexii_item_surrounded_by_moat, nrook_uturn
D:2:      bloody_makhleb, overflow_temple_1_default
D:3:      nicolae_dithmenos_shadow_blocks, uniq_ijyb

Skill      XL: |  1  2  3  4 |
---------------+-------------+-----
Ice Magic      | 4 5 |  5.1
Dodging        | 3 |  3.8
Spellcasting   | 4 |  4.4
Stealth        | |  2.4
Conjurations   | |  1.1

Action                   |  1- 3 |  4- 6 || total
-------------------------+-------+-------++-------
Melee: Dagger            |    46 |    90 ||   136
       Unarmed           |     1 |       ||     1
 Cast: Freeze            |    16 |     3 ||    19
       Throw Frost       |    24 |    27 ||    51
       Throw Icicle      |       |     3 ||     3
  Use: Scroll            |       |     4 ||     4
       Potion            |       |     5 ||     5
 Stab: Sleeping          |     3 |       ||     3
       Distracted        |     1 |       ||     1
       Invisible         |       |     4 ||     4
  Eat: Ration            |     1 |     1 ||     2
Armor: Robe              |    15 |     4 ||    19
Dodge: Dodged            |    45 |    61 ||   106

Table legend:
 A = Non-vault XP
 B = Vault XP
 C = Vault XP percentage of total XP
 D = Non-vault monster count
 E = Vault monster count
 F = Vault count percentage of total count
                 A         B        C        D         E       F
            +---------+---------+-------+---------+---------+-------
      Total |     221 |       0 |   0.0 |      68 |       0 |   0.0
            +---------+---------+-------+---------+---------+-------
        D:1 |      40 |       0 |   0.0 |      22 |       0 |   0.0
        D:2 |      88 |       0 |   0.0 |      31 |       0 |   0.0
        D:3 |      93 |       0 |   0.0 |      15 |       0 |   0.0
            +---------+---------+-------+---------+---------+-------
